 Dungeon Crawl Stone Soup version 0.27-a0-1081-ge8a0a9c698 (webtiles) character file.

Game seed: 13789159113271778385

8 harryhousin the Caller (level 2, -1/23 HPs)
             Began as a Gnoll Wanderer on Apr 25, 2021.
             Slain by a jackal (2 damage)
             ... on level 1 of the Dungeon.
             The game lasted 00:00:52 (164 turns).

harryhousin the Caller (Gnoll Wanderer)              Turns: 164, Time: 00:00:52

Health: -1/23      AC:  2    Str: 14    XL:     2   Next: 8%
Magic:  2/2        EV: 11    Int:  9    God:
Gold:   0          SH:  0    Dex: 10    Spells: 1/1 levels left

rFire    . . .     SeeInvis .   a - +0 dagger
rCold    . . .     Faith    .   (no shield)
rNeg     . . .     Spirit   .   e - +0 robe
rPois    .         Reflect  .   (no helmet)
rElec    .         Harm     .   (no cloak)
rCorr    .         Rampage  .   (no gloves)
Will     .....                  (no boots)
Stlth    +.........             (no amulet)
HPRegen  0.07/turn              (no ring)
MPRegen  0.08/turn              (no ring)

@: no status effects
A: fangs 1, strong nose, distributed training
a: no special abilities


You were on level 1 of the Dungeon.
You visited 1 branch of the dungeon, and saw 1 of its levels.

Inventory:

Hand Weapons
 a - a +0 dagger (weapon)
Missiles
 c - 13 poisoned darts (quivered)
Armour
 e - a +0 robe (worn)


   Skills:
 + Level 2.4 Fighting
 + Level 0.2 Short Blades
 + Level 0.2 Long Blades
 + Level 2.4 Axes
 + Level 0.2 Maces & Flails
 + Level 0.2 Polearms
 + Level 0.2 Staves
 + Level 0.2 Slings
 + Level 0.2 Bows
 + Level 0.2 Crossbows
 + Level 2.4 Throwing
 + Level 2.4 Armour
 + Level 0.2 Dodging
 + Level 0.2 Stealth
 + Level 2.4 Shields
 + Level 0.2 Unarmed Combat
 + Level 0.2 Spellcasting
 + Level 0.1 Conjurations
 + Level 0.1 Hexes
 + Level 5.3 Summonings
 + Level 0.1 Necromancy
 + Level 3.6 Translocations
 + Level 0.1 Transmutations
 + Level 0.1 Fire Magic
 + Level 0.1 Ice Magic
 + Level 0.1 Air Magic
 + Level 0.1 Earth Magic
 + Level 0.1 Poison Magic
 + Level 0.3 Invocations
 + Level 0.2 Evocations


You had one spell level left.
You didn't know any spells.
Your spell library contained the following spells:

 Spells                   Type           Power      Damage    Failure   Level
 Summon Small Mammal      Summ           36%        N/A       4%          1
 Freeze                   Ice            0%         1d3       36%         1
 Call Imp                 Summ           9%         N/A       7%          2
 Call Canine Familiar     Summ           9%         N/A       13%         3
 Summon Guardian Golem    Hex/Summ       5%         N/A       36%         3
 Ozocubu's Armour         Ice            0%         N/A       75%         3
 Summon Ice Beast         Ice/Summ       5%         N/A       78%         4
 Summon Lightning Spire   Summ/Air       5%         N/A       78%         4


Dungeon Overview and Level Annotations

Branches:
Dungeon (1/15)

Altars:


Innate Abilities, Weirdness & Mutations

You have very sharp teeth.
Your uncanny sense of smell can sniff out nearby items.
Your experience applies equally to all skills.


Message History

You hit the jackal but do no damage.
The jackal is lightly wounded.
The jackal bites you but does no damage.
You closely miss the jackal.
The jackal is lightly wounded.
The jackal bites you but does no damage.
You barely miss the jackal.
The jackal is lightly wounded.
The jackal bites you. The jackal barely misses you.
You hit the jackal.
The jackal is moderately wounded.
The jackal bites you.
You barely miss the jackal.
The jackal is moderately wounded.
The jackal completely misses you.
You hit the jackal but do no damage.
The jackal is moderately wounded.
The jackal bites you but does no damage.
The jackal completely misses you.
You closely miss the jackal.
The jackal is moderately wounded.
The jackal bites you.
* * * LOW HITPOINT WARNING * * *
You barely miss the jackal.
The jackal is moderately wounded.
The jackal barely misses you. The jackal bites you.
* * * LOW HITPOINT WARNING * * *
You hit the jackal but do no damage.
The jackal is moderately wounded.
The jackal barely misses you.
You hit the jackal.
The jackal is severely wounded.
The jackal bites you.
* * * LOW HITPOINT WARNING * * *
You barely miss the jackal.
The jackal is severely wounded.
The jackal bites you.
* * * LOW HITPOINT WARNING * * *
The jackal bites you.
You die...

............h..
............h..
...............
...............
.............#
.......b...#
#r# #h# #@# #.#
#†# #.###'####
#........#
####.....#
#.....# #...).#
#######


You could see a jackal, a bat and a rat.

Vanquished Creatures
  6 jackals (D:1)
6 creatures vanquished.

Notes
Turn   | Place    | Note
-------+----------+-------------------------------------------
     0 | D:1      | harryhousin the Gnoll Wanderer began the quest for the Orb.
     0 | D:1      | harryhousin set off with the following items: a +0 dagger,
                  | 13 poisoned darts, a +0 robe; and the following spells
                  | available to memorise: Summon Small Mammal, Call Imp, Call
                  | Canine Familiar, Freeze, Summon Guardian Golem, Ozocubu's
                  | Armour, Summon Ice Beast, Summon Lightning Spire
     0 | D:1      | Reached XP level 1. HP: 17/17 MP: 1/1
   135 | D:1      | Reached XP level 2. HP: 19/23 MP: 2/2
   164 | D:1      | HP: 1/23 [jackal (2)]
   164 | D:1      | Slain by a jackal

Illustrated notes

Levels and vault maps discovered:
D:1:      dpeg_arrival_rooms_b, layout_basic, chequers_ecumenical_altar_island,
          ebering_dispersal_statue_hall

Action                   || total
-------------------------++-------
Melee: Dagger            ||    61
       Bite              ||     4
Armor: Robe              ||    10
Dodge: Dodged            ||    50

Table legend: (Time is in decaauts)
 A = Elapsed time spent in this place.
 B = Non-inter-level travel time spent in this place.
 C = Inter-level travel time spent in this place.
 D = Time resting spent in this place.
 E = Time spent auto-exploring this place.
 F = Levels seen in this place.
 G = Mean time per level.
                   A        B        C        D        E       F      G
               +--------+--------+--------+--------+--------+-----+--------+
         Total |    163 |    163 |      0 |     88 |      0 |   1 |  163.0 |
       Dungeon |    163 |    163 |      0 |     88 |      0 |   1 |  163.0 |
               +--------+--------+--------+--------+--------+-----+--------+

Top non-repeatable levels by time:
     D:1: 163 daAuts
